 Dungeon Crawl Stone Soup version 0.30-a0-374-g95c0257040 (webtiles) character file.

Game seed: 14932405140345130834

172 DrKenneth the Covered (level 5, 0/45 (47) HPs)
             Began as a Minotaur Fighter on Nov 27, 2022.
             Was a Follower of Makhleb.
             Slain by a wight
             ... wielding a +4 long sword of freezing
              (1 damage)
             ... on level 3 of the Dungeon.
             The game lasted 00:07:22 (1660 turns).

DrKenneth the Covered (Minotaur Fighter)            Turns: 1660, Time: 00:07:23

HP:   0/45 (47)     AC: 11    Str: 23    XL:     5   Next: 27%
MP:   4/4           EV:  9    Int:  5    God:    Makhleb [*.....]
Gold: 178           SH:  4    Dex:  9    Spells: 4/4 levels left

rFire   . . .      SeeInvis .    a - +0 war axe
rCold   . . .      Faith    .    c - +0 buckler
rNeg    . . .      Spirit   .    b - +0 scale mail
rPois   .          Reflect  .    (helmet restricted)
rElec   .          Harm     .    (no cloak)
rCorr   .          Rampage  .    (no gloves)
Will    .....                    (no boots)
Stlth   ..........               (no amulet)
HPRegen 0.27/turn                h - +4 ring of protection
MPRegen 0.09/turn                (no ring)

@: lightly drained
A: horns 2, retaliatory headbutt
a: Renounce Religion


You were on level 3 of the Dungeon.
You worshipped Makhleb.
Makhleb was aware of your devotion.
You visited 1 branch of the dungeon, and saw 4 of its levels.

You collected 178 gold pieces.

Inventory:

Hand Weapons
 a - a +0 war axe (weapon)
Armour
 b - a +0 scale mail (worn)
 c - a +0 buckler (worn)
Jewellery
 h - a +4 ring of protection (left hand)
 q - an amulet of guardian spirit
 s - a +4 ring of evasion
 u - a ring of magical power
Scrolls
 e - a scroll of magic mapping {unknown}
 g - a scroll of brand weapon {unknown}
 i - 3 scrolls of identify {unknown}
 k - 3 scrolls of blinking {unknown}
 l - 2 scrolls of teleportation {unknown}
 m - a scroll of enchant weapon {unknown}
 o - a scroll of fog {unknown}
 r - 4 scrolls of fear {unknown}
Potions
 d - 2 potions of might
 f - 2 potions of haste {unknown}
 j - 3 potions of curing {unknown}
 n - a potion of resistance {unknown}
 p - a potion of mutation {unknown}
 t - a potion of cancellation {unknown}


   Skills:
 + Level 4.8 Fighting
 + Level 3.9 Axes
 + Level 4.8 Armour
 + Level 4.8 Shields


You had 4 spell levels left.
You didn't know any spells.
Your spell library was empty.

Dungeon Overview and Level Annotations

Branches:
Dungeon (4/15)
 Temple: D:4-7

Altars:
Makhleb

Shops:
D:1 ?


Innate Abilities, Weirdness & Mutations

You have a pair of horns on your head.
You reflexively headbutt those who attack you in melee.


Message History

A wight comes into view. It is wielding a +0 short sword.
A wight is nearby!
A wight is nearby!
A wight comes into view.
It is wielding a +4 long sword of freezing.
There is a stone staircase leading down here.
You closely miss the wight. Your headbutt misses the wight.
The wight closely misses you.
You barely miss the wight. Your headbutt misses the wight.
You block the wight's attack.
You slash the wight! You headbutt the wight.
The wight is almost destroyed.
The wight hits you but does no damage.
The wight hits you with a +0 short sword.
The wight hits you with a +4 long sword of freezing.
You feel drained. The wight freezes you.
You slash the wight!
You destroy the wight!
Makhleb accepts your kill.
You closely miss the wight.
A kobold comes into view. It is wielding a +0 whip.
The wight barely misses you.
Your life force feels restored.
You have reached level 5!
You barely miss the wight.
The kobold shouts!
Your headbutt misses the wight.
A wight comes into view. It is wielding a +1 spear.
The wight hits you with a +4 long sword of freezing!
You feel drained. The wight freezes you.
You slash the wight!
The wight is heavily damaged.
The wight hits you with a +4 long sword of freezing!
You feel drained.
* * * LOW HITPOINT WARNING * * *
The wight freezes you.
* * * LOW HITPOINT WARNING * * *
The wight hits you with a +4 long sword of freezing.
* * * LOW HITPOINT WARNING * * *
The wight freezes you.
You die...

.# ##.# #..#
#.. #..# ....
#.z#
#.##.#.K#
#.##.#..#####
#.# #.......#
#.# #z).##.#
#†# #@.##.#
#.# #>.##.#
#.#
#..##<#######
##.#
#........[...
#..#
##.##.######.
#.## #.##.##
#.# #.#...#
#.# #.#.#.#
#.# #.#...#


You could see 2 wights and a kobold.

Vanquished Creatures
  A wight (D:3)
  Jessica (D:3)
  2 adders
  2 worms
  A dart slug (D:2)
  An orc (D:4)
  8 ball pythons
  3 endoplasms
  3 giant cockroaches
  9 hobgoblins
  4 quokkas
  5 bats
  5 goblins
  11 kobolds
  5 rats
61 creatures vanquished.

Notes
Turn   | Place    | Note
-------+----------+-------------------------------------------
     0 | D:1      | DrKenneth the Minotaur Fighter began the quest for the Orb.
     0 | D:1      | Reached XP level 1. HP: 19/19 MP: 0/0
   101 | D:1      | Reached XP level 2. HP: 18/27 MP: 1/1
   343 | D:1      | Found a burning altar of Makhleb.
   371 | D:1      | Reached XP level 3. HP: 33/33 MP: 2/2
   374 | D:1      | Became a worshipper of Makhleb the Destroyer
   486 | D:1      | Found Kogeifun's Magic Scroll Shoppe.
  1439 | D:2      | You fall into a shaft and drop 2 floors!
  1450 | D:4      | Reached XP level 4. HP: 41/41 MP: 3/3
  1453 | D:4      | Reached * piety under Makhleb
  1557 | D:3      | Noticed Jessica
  1563 | D:3      | Killed Jessica
  1659 | D:3      | Reached XP level 5. HP: 39/47 MP: 4/4
  1660 | D:3      | HP: 1/45 [wight/+4 long sword of freezing (6)]
  1660 | D:3      | Slain by a wight

Illustrated notes

Levels and vault maps discovered:
D:1:      lightli_arrival_windingriver, layout_basic, serial_shops, shop,
          minmay_tree_intersection, minmay_hexomino_r4
D:2:      layout_loops_cross, minmay_randomly_rotated_circles
D:3:      layout_loops_ring, dreamdust_ecumenical_altar_sealed_demon,
          portal_sewer_entry_c, hangedman_feature_mirror, uniq_jessica
D:4:      cheibrodos_helix_gallery, layout_layer_cave, st_stairs_2,
          minmay_misc_feat_ornament

Skill      XL: |  1  2 |
---------------+-------+-----
Fighting       | 4 |  4.8
Armour         | 4 |  4.8
Shields        | 4 |  4.8
Axes           | 3 |  3.9

Action                   |  1- 3 |  4- 6 || total
-------------------------+-------+-------++-------
Melee: War axe           |    99 |    36 ||   135
       Headbutt          |    11 |     5 ||    16
Armor: Scale mail        |    49 |    11 ||    60
Dodge: Dodged            |    55 |    12 ||    67
Block: Buckler           |    22 |    10 ||    32

Table legend: (Time is in decaauts)
 A = Elapsed time spent in this place.
 B = Non-inter-level travel time spent in this place.
 C = Inter-level travel time spent in this place.
 D = Time resting spent in this place.
 E = Time spent auto-exploring this place.
 F = Levels seen in this place.
 G = Mean time per level.
                   A        B        C        D        E       F      G
               +--------+--------+--------+--------+--------+-----+--------+
         Total |   1710 |   1641 |     69 |    129 |    841 |   4 |  427.5 |
       Dungeon |   1710 |   1641 |     69 |    129 |    841 |   4 |  427.5 |
               +--------+--------+--------+--------+--------+-----+--------+

Top non-repeatable levels by time:
     D:1: 870 daAuts
     D:2: 606 daAuts
     D:3: 145 daAuts
     D:4: 88 daAuts
